Map: Prion Terraces

Players

SticklerMac - Winner!

  • Race: Zerg Zerg
  • League: Platinum

ZoulzReaper

  • Race: Protoss Protoss

VOD

Have the link to the VOD?

Description

Time

  • Played on: Nov. 15, 2015, 6:16 p.m.
  • Length: 13:32
Show
View Real Time Build Order
Export as new Build Order

SticklerMac Zerg - Winner!

Build Orders: Hatch First 

Get SALT Encoding   

  12  0:01  Drone  
  13  0:12  Overlord  
  13  0:18  Drone  
  14  0:31  Drone x2  
  16  0:35  Drone  
  17  0:57  Hatchery  
  17  0:59  Drone  
  17  1:02  Drone  
  18  1:04  Extractor  
  17  1:16  Drone  
  18  1:23  Spawning Pool  
  17  1:28  Drone  
  18  1:32  Drone  
  18  1:39  Overlord  
  19  1:53  Drone  
  20  2:04  Drone  
  21  2:10  Metabolic Boost  
  21  2:12  Zergling x4  
  23  2:15  Queen  
  23  2:20  Drone  
  26  2:23  Drone  
  26  2:42  Zergling x4  
  28  2:45  Drone x2  
  30  2:56  Queen  
  30  2:58  Queen  
  34  3:02  Zergling x4  
  36  3:08  Zergling x2  
  36  3:10  Overlord  
  36  3:18  Evolution Chamber, Drone  
  36  3:20  Extractor  
  36  3:21  Drone  
  36  3:26  Overlord  
  36  3:30  Drone  
  37  3:36  Drone x2  
  37  3:37  Drone  
  39  3:52  Drone x3  
  42  4:05  Drone  
  43  4:14  Roach Warren  
  42  4:20  Hatchery  
  41  4:25  Zerg Melee Weapons Level 1  
  40  4:36  Drone  
  42  4:38  Drone x3  
  42  4:39  Drone x5  
  49  4:54  Queen  
  51  5:00  Overlord x2  
  51  5:04  Overlord  
  51  5:17  Queen  
  53  5:27  Roach x3  
  53  5:28  Roach x6  
  71  5:29  Roach  
  73  5:50  Roach x2  
  73  5:53  Ravager x5  
  73  5:55  Overlord x3  
  73  5:56  Overlord  
  82  6:01  Lair  
  82  6:08  Extractor  
  82  6:09  Drone  
  82  6:16  Drone  
  82  6:17  Drone x3  
  82  6:18  Overlord  
  86  6:23  Ravager x2  
  86  6:25  Zergling x14  
  94  6:32  Zergling x10  
  100  6:33  Zergling x2  
  100  6:35  Zergling x2  
  102  6:40  Overlord x2  
  102  6:47  Drone x3  
  105  7:11  Roach x9  
  123  7:24  Roach x5  
  133  7:35  Overlord x2  
  133  7:36  Overlord  
  133  7:37  Drone x2  
  133  7:38  Drone x3  
  133  7:42  Drone, Extractor  
  123  8:05  Roach x12  
  145  8:06  Roach  
  145  8:12  Glial Reconstitution  
  147  8:16  Drone x2  
  147  8:18  Drone  
  150  8:49  Roach  
  150  8:50  Roach x5  
  150  8:51  Overlord x2  
  150  8:52  Overlord x4  
  150  8:54  Zerg Missile Weapons Level 1  
  162  9:02  Extractor  
  161  9:05  Extractor  
  161  9:07  Overlord x3  
  154  9:20  Spore Crawler  
  154  9:22  Spore Crawler  
  154  9:23  Spore Crawler  
  147  9:29  Spore Crawler x2  
  147  9:30  Spore Crawler  
  127  9:56  Drone x13  
  140  10:14  Spore Crawler  
  140  10:15  Spore Crawler  
  140  10:18  Spore Crawler  
  140  10:21  Spore Crawler  
  136  10:22  Spore Crawler  
  136  10:25  Spore Crawler  
  134  10:36  Drone x9  
  134  10:37  Drone x8  
  151  10:47  Ravager  
  151  10:48  Ravager x13  
  165  11:36  Roach x3  
  165  11:37  Roach x13  
  196  12:06  Roach  
  187  12:41  Hydralisk Den  
  186  12:45  Roach x2  
  186  12:46  Roach x4  
Show
View Real Time Build Order
Export as new Build Order

ZoulzReaper Protoss 

Build Orders:  

Get SALT Encoding   

  12  0:01  Probe (Chrono Boost)  
  13  0:12  Probe (Chrono Boost)  
  14  0:20  Pylon  
  14  0:23  Probe (Chrono Boost)  
  15  0:38  Probe (Chrono Boost)  
  15  0:42  Gateway  
  16  0:49  Probe (Chrono Boost)  
  17  0:57  Assimilator  
  17  0:59  Probe (Chrono Boost)  
  18  1:20  Probe (Chrono Boost)  
  19  1:30  Cybernetics Core  
  19  1:39  Probe (Chrono Boost)  
  20  1:41  Zealot  
  22  1:51  Probe (Chrono Boost)  
  23  2:06  Assimilator  
  23  2:14  Nexus  
  23  2:16  Pylon  
  23  2:18  Warp Gate (Chrono Boost)  
  23  2:30  Gateway  
  23  2:34  Stalker, Probe  
  26  2:43  Pylon  
  26  2:47  Probe  
  27  3:00  Mothership Core  
  29  3:12  Stalker  
  33  3:20  Adept  
  33  3:26  Probe x2  
  33  3:42  Adept  
  35  4:07  Probe  
  35  4:09  Probe, Pylon  
  37  4:11  Pylon  
  37  4:25  Pylon  
  37  4:27  Probe, Pylon  
  37  4:28  Probe  
  39  4:49  Forge  
  39  4:50  Gateway  
  39  4:56  Gateway  
  39  4:58  Stalker x2  
  43  5:00  Probe  
  43  5:01  Probe  
  45  5:21  Probe  
  45  5:22  Probe, Stargate  
  45  5:25  Protoss Ground Weapons Level 1 (Chrono Boost), Stargate  
  47  5:29  Protoss Air Weapons Level 1 (Chrono Boost)  
  47  5:35  Probe  
  47  5:36  Probe  
  49  5:44  Stalker x2  
  49  5:49  Assimilator  
  53  5:52  Probe  
  53  5:53  Assimilator  
  53  5:54  Probe  
  55  6:03  Stalker  
  55  6:04  Stalker  
  59  6:08  Zealot x2  
  59  6:10  Probe  
  63  6:11  Probe  
  65  6:20  Probe  
  65  6:24  Probe, Oracle  
  70  6:33  Zealot x4  
  78  6:50  Pylon  
  78  7:07  Oracle  
  81  7:15  Oracle  
  81  7:18  Pylon  
  81  7:20  Stalker, Pylon  
  81  7:21  Protoss Ground Armor Level 1 (Chrono Boost)  
  86  7:33  Pylon  
  86  7:36  Pylon  
  86  7:38  Protoss Air Armor Level 1 (Chrono Boost)  
  86  7:40  Pylon  
  86  7:47  Probe x2  
  86  7:51  Stalker  
  84  8:05  Stalker x3  
  84  8:11  Oracle (Chrono Boost)  
  89  8:18  Zealot  
  91  8:31  Gateway  
  91  8:33  Gateway x2  
  91  8:39  Probe  
  92  8:44  Stalker  
  92  8:45  Stalker x3  
  97  9:39  Oracle (Chrono Boost)  
  97  9:43  Oracle (Chrono Boost)  
  100  9:59  Stalker x2  
  104  10:00  Stalker x3  
  104  10:01  Stalker x2  
  114  10:10  Oracle (Chrono Boost)  
  117  10:16  Twilight Council  
  117  10:19  Oracle (Chrono Boost)  
  120  10:38  Nexus  
  120  10:39  Stalker x3  
  120  10:42  Pylon  
  126  10:46  Pylon  
  126  10:49  Pylon  
  126  10:56  Protoss Ground Weapons Level 2  
  126  11:00  Probe x2  
  128  11:08  Stalker x4  
  128  11:09  Stalker x3  
  142  11:18  Nexus  
  142  11:26  Pylon  
  142  11:29  Pylon  
  142  11:31  Pylon  
  142  11:42  Stalker x3  
  148  11:53  Probe  
  148  11:54  Probe x2  
  151  12:02  Stalker x2  
  151  12:03  Stalker  
  157  12:14  Probe  
  157  12:15  Probe x2, Assimilator  
  160  12:18  Assimilator  
  135  12:35  Stalker x4  
  135  12:36  Stalker x2  
  103  12:59  Stalker  
  103  13:00  Stalker x6  
  55  13:24  Stalker x2  
  55  13:25  Stalker x3  
Tags
 
Add a new tag
Caveats
  • Supply blocks, unpowered buildings, or Contaminate may cause inaccurate times.
  • Supply counts are checked every 10 seconds.